 Dungeon Crawl Stone Soup version 0.30-a0-847-g17996783a1 (webtiles) character file.

Game seed: 8062549064424603637

16 holysushi the Cutter (level 2, 20/24 HPs)
             Began as a Demonspawn Monk on Mar 3, 2023.
             Was a Believer of Fedhas.
             Quit the game on level 1 of the Dungeon.
             The game lasted 00:00:37 (332 turns).

holysushi the Cutter (Demonspawn Monk)               Turns: 332, Time: 00:00:38

Health: 20/24      AC:  2    Str: 11    XL:     2   Next: 37%
Magic:  2/2        EV: 12    Int: 11    God:    Fedhas [**....]
Gold:   28         SH:  0    Dex: 15    Spells: 1/1 levels left

rFire   . . .      SeeInvis .    a - +0 short sword
rCold   . . .      Faith    .    (no shield)
rNeg    . . .      Spirit   .    b - +0 robe
rPois   .          Reflect  .    (no helmet)
rElec   .          Rampage  .    (no cloak)
rCorr   .                        (no gloves)
Will    .....                    (no boots)
Stlth   ++                       (no amulet)
HPRegen 0.24/turn                (no ring)
MPRegen 0.08/turn                (no ring)

@: no status effects
A: powered by pain 1
a: Renounce Religion, Wall of Briars


You were on level 1 of the Dungeon.
You worshipped Fedhas.
Fedhas was pleased with you.
You visited 1 branch of the dungeon, and saw 1 of its levels.

You collected 28 gold pieces.

Inventory:

Hand Weapons
 a - a +0 short sword (weapon)
Armour
 b - a +0 robe (worn)
Scrolls
 d - a scroll of poison {unknown}
 e - a scroll of enchant weapon {unknown}
Potions
 c - a potion of ambrosia
 f - a potion of flight {unknown}


   Skills:
 - Level 3.0 Fighting
 + Level 3.4 Short Blades
 - Level 2.6 Dodging
 - Level 1.7 Stealth


You had one spell level left.
You didn't know any spells.
Your spell library was empty.

Dungeon Overview and Level Annotations

Branches:
Dungeon (1/15) Zot: 5675

Altars:
Fedhas


Innate Abilities, Weirdness & Mutations

You sometimes gain a little power by taking damage.


Message History

You barely miss the endoplasm. The endoplasm barely misses you.
You hit the endoplasm but do no damage. The endoplasm freezes you.
You are frozen.
You hit the endoplasm.
The endoplasm is heavily wounded.
You hit the endoplasm.
You kill the endoplasm!
The goblin hits you with a +0 dagger. The goblin hits you but does no damage.
You barely miss the goblin. The goblin barely misses you.
You closely miss the goblin. The goblin barely misses you.
You hit the goblin.
You kill the goblin!
Found a faded altar of an unknown god.
Things that are here:
a +0 dagger; a goblin corpse No target in view!
A bat comes into view.
Found a scroll labelled PINWOE NODUNIT.
The bat hits you but does no damage. The bat hits you but does no damage.
The bat barely misses you. The bat hits you but does no damage.
The bat barely misses you. The bat closely misses you. x2
The bat closely misses you. The bat attacks as you move away!
The bat closely misses you.
Found a stone staircase leading down.
The bat barely misses you. The bat closely misses you.
You hit the bat.
You kill the bat!
There is a faded altar of an unknown god, spattered with blood here.
You see here a bat corpse.
This altar belongs to (a) Fedhas, (b) Nemelex Xobeh or (c) Gozag, but you can't tell which.
Press the corresponding letter to learn more about a god, or press enter to convert or escape to cancel.
Fedhas accepts your prayer! Fedhas welcomes you!
You can now encircle yourself with summoned briar patches.
The plants of the dungeon cease their hostilities.
Okay, then.
Are you sure you want to abandon this character and quit the game? (Confirm with "yes".)

#...... .....
+......
#######.....
#......
#..........#
#......
#.......>..+
........
#.....?....#
######## #.........
# #..8.8.#
#...@..############
#.................#
##................#
#####.....)..$...#
#............#
#............###
#...........†'..
#........†..†###
#............#


There were no monsters in sight!

Vanquished Creatures
  2 endoplasms (D:1)
  A giant cockroach (D:1)
  A goblin (D:1)
  A kobold (D:1)
  A quokka (D:1)
  4 ball pythons (D:1)
  2 bats (D:1)
  2 frilled lizards (D:1)
  A rat (D:1)
15 creatures vanquished.

Notes
Turn   | Place    | Note
-------+----------+-------------------------------------------
     0 | D:1      | holysushi the Demonspawn Monk began the quest for the Orb.
     0 | D:1      | Reached XP level 1. HP: 18/18 MP: 1/1
   226 | D:1      | Gained mutation: You sometimes gain a little power by
                  | taking damage. [demonic ancestry]
   226 | D:1      | Reached XP level 2. HP: 22/24 MP: 2/2
   315 | D:1      | Found a faded altar of an unknown god.
   331 | D:1      | Prayed at the altar of an unknown god.
   331 | D:1      | Became a worshipper of Fedhas Madash
   331 | D:1      | Reached * piety under Fedhas
   331 | D:1      | Reached ** piety under Fedhas
   332 | D:1      | Quit the game

Illustrated notes

Levels and vault maps discovered:
D:1:      doesnt_arrival_eight_statues, layout_basic,
          dreamdust_ecumenical_altar_statues

Skill      XL: |  1 |
---------------+----+-----
Short Blades   | 3 |  3.4
Fighting       | |  3.0
Dodging        | |  2.6
Stealth        | |  1.7

Action                     || total
---------------------------++-------
  Melee: Short sword       ||    52
   Stab: Sleeping          ||     1
 Armour: Robe              ||    10
  Dodge: Dodged            ||    41

Table legend: (Time is in decaauts)
 A = Elapsed time spent in this place.
 B = Non-inter-level travel time spent in this place.
 C = Inter-level travel time spent in this place.
 D = Time resting spent in this place.
 E = Time spent auto-exploring this place.
 F = Levels seen in this place.
 G = Mean time per level.
                   A        B        C        D        E       F      G
               +--------+--------+--------+--------+--------+-----+--------+
         Total |    324 |    324 |      0 |      0 |    205 |   1 |  324.0 |
       Dungeon |    324 |    324 |      0 |      0 |    205 |   1 |  324.0 |
               +--------+--------+--------+--------+--------+-----+--------+

Top non-repeatable levels by time:
     D:1: 324 daAuts
